 Dungeon Crawl Stone Soup version 0.29.1-4-g47bece8355 (webtiles) character file.

Game seed: 13700773950351886143

464 fantasyman the Slasher (level 6, -1/52 HPs)
             Began as a Demigod Fighter on Dec 5, 2022.
             Slain by an ice beast (12 damage)
             ... on level 5 of the Dungeon.
             The game lasted 00:03:33 (3643 turns).

fantasyman the Slasher (Demigod Fighter)            Turns: 3643, Time: 00:03:34

Health: -1/52      AC:  6    Str: 25    XL:     6   Next: 50%
Magic:  8/8        EV:  8    Int: 10    God:
Gold:   283        SH:  5    Dex: 13    Spells: 5/5 levels left

rFire   . . .      SeeInvis .   a - +0 long sword
rCold   . . .      Faith    .   c - +0 buckler
rNeg    . . .      Spirit   .   f - +0 chain mail
rPois   .          Reflect  .   (no helmet)
rElec   .          Harm     .   g - +0 cloak of the Ant {Regen+}
rCorr   .          Rampage  .   (no gloves)
Will    .....                   (no boots)
Stlth   ..........              (no amulet)
HPRegen 0.97/turn               k - +4 ring of slaying
MPRegen 0.11/turn               (no ring)

@: about to teleport, corroded
A: high MP 1, forlorn, divine attributes
a: no special abilities


You were on level 5 of the Dungeon.
You visited 1 branch of the dungeon, and saw 5 of its levels.

You collected 283 gold pieces.

Inventory:

Hand Weapons
 a - a +0 long sword (weapon)
 u - a +0 short sword
Armour
 c - a +0 buckler (worn)
 f - a +0 chain mail (worn)
 g - the +0 cloak of the Ant (worn) {Regen+}
   (You found it on level 4 of the Dungeon)

   Regen:     It increases your rate of health regeneration.
Jewellery
 k - a +4 ring of slaying (left hand)
 r - a ring of wizardry
Wands
 p - a wand of paralysis (7)
Scrolls
 h - a scroll of noise
 j - 2 scrolls of blinking
 m - 4 scrolls of identify
 t - a scroll of enchant armour {unknown}
Potions
 b - 3 potions of resistance {unknown}
 d - a potion of might
 e - 3 potions of haste
 i - a potion of ambrosia
 l - a potion of flight {unknown}
 n - 3 potions of curing {unknown}
 o - 2 potions of degeneration {unknown}
 q - a potion of attraction {unknown}
 v - a potion of heal wounds {unknown}


   Skills:
 + Level 4.2 Fighting
 + Level 4.4 Long Blades
 + Level 3.5 Armour
 - Level 0.9 Dodging
 - Level 0.1 Stealth
 + Level 3.7 Shields


You had 5 spell levels left.
You didn't know any spells.
Your spell library contained the following spells:

 Spells                   Type           Power      Damage    Failure   Level
 Beastly Appendage        Tmut           0%         N/A       98%         1
 Necrotise                Necr           0%         1d4       98%         1
 Wereblood                Tmut           0%         N/A       99%         2
 Spider Form              Tmut/Pois      0%         N/A       100%        3


Dungeon Overview and Level Annotations

Branches:
Dungeon (5/15)
 Temple: D:4-7

Shops:
D:2 :?


Innate Abilities, Weirdness & Mutations

You have an increased reservoir of magic. (+10% MP)
You shall have no god before yourself.
Your divine heritage dramatically boosts your attributes as you level up.


Message History

You barely miss the ice beast.
The ice beast is moderately wounded.
The ice beast hits you. The ice beast freezes you!
An ice beast is nearby!
You hit the ice beast.
The ice beast is heavily wounded.
The ice beast hits you. The ice beast freezes you!
There are monsters nearby!
You are too injured to fight recklessly!
There are monsters nearby!
You are too injured to fight recklessly!
You are too injured to fight recklessly!
There are monsters nearby!
You are too injured to fight recklessly!
You are too injured to fight recklessly!
There are monsters nearby!
You are too injured to fight recklessly!
The ice beast attacks as you move away! The ice beast closely misses you.
The adder attacks as you move away! The adder bites you but does no damage.
The ice beast attacks as you move away!
The ice beast hits you but does no damage.
A jelly comes into view.
The ice beast attacks as you move away! The ice beast barely misses you.
You hit the jelly.
Your hands burn!
The jelly is moderately wounded.
You block the jelly's attack. The ice beast hits you.
The ice beast freezes you!
You hit the jelly. The acid corrodes you!
Your hands burn!
* * * LOW HITPOINT WARNING * * *
The jelly is heavily wounded.
The jelly barely misses you.
The ice beast hits you but does no damage.
The jelly hits you but does no damage.
The ice beast hits you but does no damage.
As you read the scroll of teleportation, it crumbles to dust.
You feel strangely unstable. You block the jelly's attack.
The ice beast hits you.
* * * LOW HITPOINT WARNING * * *
The ice beast freezes you!
You die...

+(..... .........>...# ..#
.....###............# ..#
#.#..####..........# #.#
#####.........###.#.##.# #.#
#........####...#.#..#.###.##
#.####...# ###...##.#...#...
###...# ###.....##..<.#
.#.#.#.#...########.#....######
......>.....SY@J..#.##.........
.#.#.#†##########.#.###...#####
..S #.# #.#.. #.#. #.. ... .
..... ... .# # #.# #. ... .. .#
#.


You could see an ice beast, a jelly and an adder.

Vanquished Creatures
  2 water moccasins
  Blork the orc (D:4)
  A hound (D:5)
  6 adders
  4 worms
  An orc (D:3)
  3 ball pythons
  10 endoplasms
  5 giant cockroaches
  4 goblins
  10 hobgoblins
  11 jackals
  5 quokkas
  6 bats
  A frilled lizard (D:2)
  10 kobolds
  4 rats
84 creatures vanquished.

Vanquished Creatures (collateral kills)
  A jackal (D:4)
1 creature vanquished.

Vanquished Creatures (others)
  3 fungi (D:2)
  12 plants (D:2)
15 creatures vanquished.

Grand Total: 100 creatures vanquished

Notes
Turn   | Place    | Note
-------+----------+-------------------------------------------
     0 | D:1      | fantasyman the Demigod Fighter began the quest for the Orb.
     0 | D:1      | Reached XP level 1. HP: 18/18 MP: 3/3
   321 | D:1      | Reached XP level 2. HP: 25/25 MP: 4/4
   819 | D:2      | Found Nefeth's Magic Scroll Shop.
   999 | D:2      | Reached XP level 3. HP: 31/31 MP: 5/5
  1575 | D:2      | Found Fuoqolom's Book Shoppe.
  2007 | D:2      | Reached XP level 4. HP: 38/38 MP: 6/6
  3123 | D:4      | Identified the +0 cloak of the Ant {Regen+}
  3384 | D:4      | Noticed a water moccasin
  3396 | D:4      | Killed a water moccasin
  3397 | D:4      | Reached XP level 5. HP: 41/46 MP: 7/7
  3463 | D:4      | Noticed Blork the orc
  3480 | D:4      | Killed Blork the orc
  3481 | D:4      | Reached XP level 6. HP: 52/52 MP: 8/8
  3489 | D:4      | Got Kikubaaqudgha's Compilation of Unholy Magic
  3556 | D:5      | Entered Level 5 of the Dungeon
  3584 | D:5      | Noticed a water moccasin
  3596 | D:5      | Killed a water moccasin
  3643 | D:5      | Slain by an ice beast

Illustrated notes

Levels and vault maps discovered:
D:1:      heliophobic_arrival_battle_scene, layout_basic
D:2:      kennysheep_six_static_rooms, layout_basic,
          shapermc_ecumenical_altar_mp_ritualfount, serial_forest,
          infiniplex_forest_clump_tiny, infiniplex_forest_end_double,
          infiniplex_forest_clump_tiny, infiniplex_forest_clump_small,
          infiniplex_forest_straight_3, infiniplex_forest_clump_medium,
          infiniplex_forest_clump_diagonal, infiniplex_forest_clump_diagonal,
          serial_shops, nicolae_shop_competitors_out_of_business,
          nicolae_shop_statue_plus, hangedman_decor_points
D:3:      layout_basic, nicolae_underground_beach
D:4:      layout_rooms, grunt_temple_overflow_magic_moments,
          general_overflow_altar, kennysheep_generic_room_10, uniq_blork_the_orc
D:5:      layout_basic, st_stairs_9

Skill      XL: |  1  2  3  4  5  6 |
---------------+-------------------+-----
Long Blades    | 2 3 4 |  4.4
Shields        | 3 |  3.7
Fighting       | 3 4 |  4.2
Armour         | 3 |  3.5
Dodging        | |  0.9
Stealth        | |  0.1

Action                   |  1- 3 |  4- 6 || total
-------------------------+-------+-------++-------
Melee: Long sword        |   122 |   119 ||   241
  Use: Scroll            |     7 |     3 ||    10
Armor: Scale mail        |    56 |     9 ||    65
       Chain mail        |       |    89 ||    89
Dodge: Dodged            |    63 |    49 ||   112
Block: Buckler           |    29 |    37 ||    66
